 Dungeon Crawl Stone Soup version 0.29.1-1-gd02db6906a (webtiles) character file.

Game seed: 14347132692482461238

95 cdecastro the Chopper (level 4, 0/39 HPs)
             Began as a Hill Orc Monk on Oct 7, 2022.
             Was a Believer of Ru.
             Slain by a scorpion (3 damage)
             ... on level 4 of the Dungeon.
             The game lasted 00:05:49 (3929 turns).

cdecastro the Chopper (Hill Orc Monk)               Turns: 3929, Time: 00:05:49

Health: 0/39       AC:  2    Str: 15    XL:     4   Next: 65%
Magic:  4/4        EV: 12    Int: 10    God:    Ru [**....]
Gold:   113        SH:  0    Dex: 13    Spells: 3/3 levels left

rFire   . . .      SeeInvis .   a - +0 hand axe
rCold   . . .      Faith    .   (no shield)
rNeg    . . .      Spirit   .   b - +0 robe
rPois   .          Reflect  .   (no helmet)
rElec   .          Harm     .   (no cloak)
rCorr   .          Rampage  .   (no gloves)
Will    .....                   (no boots)
Stlth   ++........              (no amulet)
HPRegen 0.13/turn               (no ring)
MPRegen 0.09/turn               (no ring)

@: unable to drink
A: inability to drink after injury 2, no hexes magic, no ice magic, no
translocations magic
a: Renounce Religion


You were on level 4 of the Dungeon.
You worshipped Ru.
Ru was pleased with you.
You visited 1 branch of the dungeon, and saw 4 of its levels.

You collected 124 gold pieces.
You spent 11 gold pieces at shops.

Inventory:

Hand Weapons
 a - a +0 hand axe (weapon)
Missiles
 e - 29 stones (quivered)
 l - 2 poisoned darts
 y - 6 boomerangs
Armour
 b - a +0 robe (worn)
 p - a +0 scale mail
Jewellery
 w - a +4 ring of evasion
Wands
 i - a wand of iceblast (13)
Scrolls
 d - 5 scrolls of teleportation {unknown}
 g - 2 scrolls of vulnerability {unknown}
 j - 3 scrolls of identify {unknown}
 m - a scroll of butterflies {unknown}
 o - a scroll of enchant armour {unknown}
 q - 2 scrolls of blinking {unknown}
 s - a scroll of enchant weapon {unknown}
 t - a scroll of torment {unknown}
Potions
 c - a potion of ambrosia
 f - a potion of attraction {unknown}
 h - a potion of curing {unknown}
 k - 2 potions of berserk rage {unknown}
 n - a potion of flight {unknown}
 r - a potion of brilliance {unknown}
 u - a potion of resistance {unknown}
 v - a potion of mutation {unknown}
 x - 2 potions of haste {unknown}


   Skills:
 - Level 3.6 Fighting
 + Level 7.0 Axes
 - Level 2.4 Dodging
 - Level 1.5 Stealth


You had 3 spell levels left.
You didn't know any spells.
Your spell library was empty.

Dungeon Overview and Level Annotations

Branches:
Dungeon (4/15)
 Temple: D:4-7

Altars:
Ru
Trog
Uskayaw

Shops:
D:2 *


Innate Abilities, Weirdness & Mutations

You sometimes lose the ability to drink potions when taking damage.
You cannot study or cast Hexes magic.
You cannot study or cast Ice magic.
You cannot study or cast Translocations magic.


Message History

Okay, then.
Cleave: a) +0 hand axe
Press: ? - help, Dir - move target, f - you
Okay, then.
Unknown command.
The scorpion attacks as you move away! The scorpion stings you.
The scorpion attacks as you move away! The scorpion stings you.
You are poisoned.
The scorpion poisons you!
You feel very sick.
You barely miss the scorpion.
You feel sick. The scorpion closely misses you.
You barely miss the scorpion.
You feel sick. The scorpion barely misses you.
You closely miss the scorpion.
You feel sick. The scorpion closely misses you.
You closely miss the scorpion.
You feel sick. The scorpion stings you.
You feel threatened and lose the ability to drink potions!
The scorpion stings you.
* * * LOW HITPOINT WARNING * * *
You closely miss the scorpion.
You feel sick. The scorpion stings you.
* * * LOW HITPOINT WARNING * * *
You hit the scorpion.
The scorpion is moderately wounded.
You feel sick. The scorpion closely misses you.
You hit the scorpion.
The scorpion is heavily wounded.
You feel sick. The scorpion completely misses you.
You barely miss the scorpion.
The scorpion is heavily wounded.
You feel sick.
You are no longer poisoned.
The scorpion stings you.
* * * LOW HITPOINT WARNING * * *
You cannot drink potions in your current state!
Okay, then.
You hit the scorpion but do no damage.
The scorpion is heavily wounded.
The scorpion stings you but does no damage.
You hit the scorpion but do no damage.
The scorpion is heavily wounded.
The scorpion stings you.
You die...

.. #.# #.# #.## #. #.#
#.## #.## #. #. #.# #..#
#.## #.###.##### #.# ##.#
#.## #.........####.# #.#
#.#
#............####.#####.##
#.....#...........>.......
#.........#######.###.####
#.....###@# #.###.#...
#.....# #s# #[<.......
####.## #.# #####.#.##
#.#.###.# #.#..#
#.###.##.# #.##.# #.#
##...# #.##.# #. #.####
#.##.# # #.. #..... #...
#..#.#


You could see a scorpion.

Vanquished Creatures
  3 adders
  A worm (D:2)
  A dart slug (D:2)
  2 endoplasms
  2 giant cockroaches
  9 goblins
  7 hobgoblins
  5 jackals
  5 kobolds
  A quokka (D:2)
  3 ball pythons
  7 bats
  3 frilled lizards
  11 rats
60 creatures vanquished.

Notes
Turn   | Place    | Note
-------+----------+-------------------------------------------
     0 | D:1      | cdecastro the Hill Orc Monk began the quest for the Orb.
     0 | D:1      | Reached XP level 1. HP: 19/19 MP: 1/1
   166 | D:1      | Reached XP level 2. HP: 6/26 MP: 2/2
   562 | D:1      | Reached skill level 5 in Axes
   587 | D:1      | Found a faded altar of an unknown god.
   616 | D:1      | Prayed at the altar of an unknown god.
   616 | D:1      | Became a worshipper of Ru the Awakened
   623 | D:1      | Gained mutation: You cannot study or cast Ice magic. [Ru
                  | sacrifice]
   623 | D:1      | Gained mutation: You cannot study or cast Hexes magic. [Ru
                  | sacrifice]
   623 | D:1      | Gained mutation: You cannot study or cast Translocations
                  | magic. [Ru sacrifice]
   623 | D:1      | Reached * piety under Ru
   924 | D:1      | Reached XP level 3. HP: 27/31 MP: 3/3
  1503 | D:2      | Reached skill level 6 in Axes
  2042 | D:2      | Found Zypp's General Store.
  2069 | D:2      | Bought a potion of degeneration for 11 gold pieces
  2194 | D:2      | Reached XP level 4. HP: 32/39 MP: 4/4
  2899 | D:3      | Noticed a +0 dagger
  2900 | D:3      | Noticed a +0 dagger
  2902 | D:3      | Noticed a +0 short sword
  2905 | D:3      | Noticed a +0 spear
  2906 | D:3      | Noticed a +0 falchion
  2908 | D:3      | Noticed a +0 spear
  2909 | D:3      | Noticed a +0 short sword
  2910 | D:3      | Noticed a +0 falchion
  2912 | D:3      | Found a hide-covered altar of Uskayaw.
  3068 | D:3      | Gained mutation: You occasionally lose the ability to drink
                  | potions when taking damage. [Ru sacrifice]
  3068 | D:3      | Gained mutation: You sometimes lose the ability to drink
                  | potions when taking damage. [Ru sacrifice]
  3068 | D:3      | Reached ** piety under Ru
  3665 | D:3      | Reached skill level 7 in Axes
  3672 | D:3      | Found a bloodstained altar of Trog.
  3913 | D:4      | Noticed a scorpion
  3929 | D:4      | Slain by a scorpion

Illustrated notes

Levels and vault maps discovered:
D:1:      lemuel_arrival_broad_hall, layout_loops_corners,
          hellmonk_ecumenical_altar_crossroads
D:2:      layout_basic, serial_shops, shop, minmay_misc_feat_more_columns
D:3:      layout_basic, nicolae_uskayaw_en_pointe, mainiacjoe_overflow_alcove_1
D:4:      layout_loops_ring, okawaru_metal_pillars_1_2,
          nicolae_ossuary_entry_monument, uniq_crazy_yiuf_cottage

Skill      XL: |  1  2  3  4 |
---------------+-------------+-----
Axes           | 5 6 7 |  7.0
Fighting       | |  3.6
Dodging        | |  2.4
Stealth        | |  1.5

Action                   |  1- 3 |  4- 6 || total
-------------------------+-------+-------++-------
Melee: Hand axe          |   150 |    64 ||   214
       Punch             |     3 |       ||     3
Invok: Sacrifice Arcana  |     1 |       ||     1
       Sacrifice Drink   |       |     1 ||     1
 Stab: Sleeping          |     2 |     4 ||     6
Armor: Robe              |    27 |    10 ||    37
Dodge: Dodged            |    99 |    38 ||   137
